 Dungeon Crawl Stone Soup version 0.28-a0-1568-g77cbbf62ba (console) character file.

Game seed: 5834869936561219710

156 Morrissey the Poker (level 5, -1/41 HPs)
             Began as a Merfolk Gladiator on Jan 20, 2022.
             Killed from afar by an orc wizard (5 damage)
             ... with a magic dart
             ... on level 3 of the Dungeon.
             The game lasted 00:04:21 (2647 turns).

Morrissey the Poker (Merfolk Gladiator)             Turns: 2647, Time: 00:04:22

Health: -1/41      AC:  4    Str: 14    XL:     5   Next: 38%
Magic:  5/5        EV: 15    Int:  7    God:
Gold:   107        SH:  0    Dex: 18    Spells: 4/4 levels left

rFire   . . .      SeeInvis .   a - +0 trident
rCold   + . .      Faith    .   (no shield)
rNeg    + . .      Spirit   .   b - +0 leather armour
rPois   .          Reflect  .   c - +0 helmet
rElec   .          Harm     .   e - scarf {shadows}
rCorr   .          Rampage  .   (no gloves)
Will    .....                   (no boots)
Stlth   +.........              (no amulet)
HPRegen 0.13/turn               h - ring of positive energy
MPRegen 0.09/turn               i - ring of protection from cold

@: no status effects
A: (nimble swimmer 2), mertail
a: no special abilities


You were on level 3 of the Dungeon.
You visited 1 branch of the dungeon, and saw 3 of its levels.

You collected 107 gold pieces.

Inventory:

Hand Weapons
 a - a +0 trident (weapon)
Armour
 b - a +0 leather armour (worn)
 c - a +0 helmet (worn)
 e - a scarf of shadows (worn)
Jewellery
 h - a ring of positive energy (left hand)
 i - a ring of protection from cold (right hand)
Scrolls
 g - 3 scrolls of teleportation {unknown}
 k - a scroll of fog {unknown}
 m - a scroll of amnesia {unknown}
Potions
 f - a potion of curing
 j - 2 potions of brilliance {unknown}
 l - 2 potions of attraction {unknown}


   Skills:
 + Level 3.2 Fighting
 * Level 6.3 Polearms
 - Level 2.0 Throwing
 * Level 5.8 Dodging


You had 4 spell levels left.
You didn't know any spells.
Your spell library contained the following spells:

 Spells                   Type           Power      Damage    Failure   Level
 Magic Dart               Conj           0%         1d3       52%         1
 Call Imp                 Summ           0%         N/A       65%         2
 Mephitic Cloud           Conj/Pois/Air  0%         N/A       87%         3


Dungeon Overview and Level Annotations

Branches:
Dungeon (3/15)

Altars:
Gozag
Vehumet


Innate Abilities, Weirdness & Mutations

((You are very nimble when in or above water. (Stealth+, EV+, Speed+++)))
Your lower body shifts to a powerful aquatic tail in water.


Message History

You are confused.
It was a potion of curing.
You feel better. Something hits you.
* * * LOW HITPOINT WARNING * * *
You closely miss something. Something hits you.
* * * LOW HITPOINT WARNING * * *
You closely miss something. Something hits you but does no damage.
You hit something but do no damage. Something hits you.
* * * LOW HITPOINT WARNING * * *
You miss something.
You hear some strange, mumbled words.
A magic dart appears from out of thin air!
The magic dart hits you.
* * * LOW HITPOINT WARNING * * *
That's the wrong kind of item! (Use * to select it.) Fire/throw which item? (* to show all) (? for menu, Esc to quit)
Okay, then.
Unknown command.
Throw: 3 throwing nets
Press: ? - help, Q - select action Shift-Dir - straight line You throw a throwing net.
You hear some strange, mumbled words.
A magic dart appears from out of thin air!
The magic dart hits you.
* * * LOW HITPOINT WARNING * * *
Throw: 2 throwing nets
Press: ? - help, Q - select action Shift-Dir - straight line You throw a throwing net.
You hear some strange, mumbled words.
A magic dart appears from out of thin air!
The magic dart hits you.
* * * LOW HITPOINT WARNING * * *
Throw: throwing net
Press: ? - help, Q - select action Shift-Dir - straight line You throw a throwing net.
Something gets caught in the net!
Something wriggles in the net.
You hit something.
You hear some strange, mumbled words.
A magic dart appears from out of thin air!
The magic dart hits you.
You die...

##.# #. #.# ...# #.##.#
#..# #.##.## #.o#
####.....#
#..######........##
##.................##
#...## ###.†....###.###
.##.#.#.###........# #....
#...(....{@..#......# #.###
####.#.#.#####....†....####
##...## #............. ##..
####.######### #### #.# #
..# ###


There were no monsters in sight!

Vanquished Creatures
  2 orc wizards (D:3)
  4 adders
  2 worms (D:2)
  3 dart slugs
  5 orcs (D:3)
  5 bats
  4 endoplasms
  4 goblins
  4 hobgoblins
  2 jackals (D:1)
  3 kobolds
  4 quokkas
  7 ball pythons
  A frilled lizard (D:3)
  5 rats
55 creatures vanquished.

Notes
Turn   | Place    | Note
-------+----------+-------------------------------------------
     0 | D:1      | Morrissey the Merfolk Gladiator began the quest for the
                  | Orb.
     0 | D:1      | Reached XP level 1. HP: 16/16 MP: 1/1
   158 | D:1      | Reached XP level 2. HP: 23/23 MP: 2/2
   636 | D:1      | Reached skill level 5 in Polearms
   997 | D:2      | Reached XP level 3. HP: 28/28 MP: 3/3
  1212 | D:2      | Reached skill level 5 in Dodging
  1637 | D:2      | Found a faded altar of an unknown god.
  1645 | D:2      | Reached XP level 4. HP: 27/34 MP: 4/4
  1722 | D:2      | Found an opulent altar of Gozag.
  2016 | D:3      | Found a radiant altar of Vehumet.
  2537 | D:3      | Reached skill level 6 in Polearms
  2537 | D:3      | Reached XP level 5. HP: 15/41 MP: 5/5
  2647 | D:3      | Killed from afar by an orc wizard

Illustrated notes

Levels and vault maps discovered:
D:1:      minmay_arrival_four_houses, layout_basic, hangedman_decor_points
D:2:      layout_basic, basic_altar, basic_ecumenical_altar,
          minmay_misc_feat_diagonals, kennysheep_path_1
D:3:      layout_loops_ring, mainiacjoe_overflow_six_doors_small

Skill      XL: |  1  2  3  4 |
---------------+-------------+-----
Polearms       | 5 6 |  6.3
Dodging        | 5 |  5.8
Fighting       | 3 |  3.2
Throwing       | |  2.0

Action                   |  1- 3 |  4- 6 || total
-------------------------+-------+-------++-------
Melee: Trident           |   117 |   105 ||   222
       Punch             |     1 |     3 ||     4
Throw: Throwing net      |       |     3 ||     3
  Use: Potion            |       |     1 ||     1
 Stab: Distracted        |     1 |     1 ||     2
       Sleeping          |     1 |       ||     1
Armor: Leather armour    |    20 |    23 ||    43
Dodge: Dodged            |    75 |    51 ||   126

Table legend: (Time is in decaauts)
 A = Elapsed time spent in this place.
 B = Non-inter-level travel time spent in this place.
 C = Inter-level travel time spent in this place.
 D = Time resting spent in this place.
 E = Time spent auto-exploring this place.
 F = Levels seen in this place.
 G = Mean time per level.
                   A        B        C        D        E       F      G
               +--------+--------+--------+--------+--------+-----+--------+
         Total |   2643 |   2559 |     84 |    263 |   1840 |   3 |  881.0 |
       Dungeon |   2643 |   2559 |     84 |    263 |   1840 |   3 |  881.0 |
               +--------+--------+--------+--------+--------+-----+--------+

Top non-repeatable levels by time:
     D:1: 993 daAuts
     D:2: 950 daAuts
     D:3: 699 daAuts
